 Dungeon Crawl Stone Soup version 0.30.1-11-g7821555f0a (webtiles) character file.

Game seed: 10641082486441301156

48 Chiseanne the Trooper (level 3, -1/31 HPs)
             Began as a Demonspawn Wanderer on Nov 29, 2023.
             Slain by a gnoll
             ... wielding a +0 spear
              (5 damage)
             ... on level 2 of the Dungeon.
             The game lasted 00:03:26 (1599 turns).

Chiseanne the Trooper (Demonspawn Wanderer)         Turns: 1599, Time: 00:03:27

Health: -1/31      AC:  6    Str: 11    XL:     3   Next: 50%
Magic:  4/4        EV:  8    Int: 21    God:
Gold:   102        SH:  0    Dex: 11    Spells: 4/4 levels left

rFire   . . .        a - +8 morningstar "Afogadele" {flame, rC- Int+4}
rCold   x . .        (no shield)
rNeg    . . .        k - +0 scale mail
rPois   .            (no helmet)
rElec   .            f - scarf {shadows}
rCorr   .            (no gloves)
SInv    .            (no boots)
Will    .....        (no amulet) Stlth
                     (no ring)
HPRegen 0.25/turn    (no ring)
MPRegen 0.18/turn

%: no passive effects
@: no status effects
A: foul stench 1, magic regeneration
a: no special abilities


You were on level 2 of the Dungeon.
You visited 1 branch of the dungeon, and saw 2 of its levels.

You collected 102 gold pieces.

Inventory:

Hand Weapons
 a - the +8 morningstar "Afogadele" (weapon) {flame, rC- Int+4}
   (You found it on level 2 of the Dungeon)

   Int:       It affects your intelligence (+4).
   rC:        It makes you vulnerable to cold.
 s - a +3 dagger
Missiles
 b - 9 curare-tipped darts
 d - 2 throwing nets
 e - 25 stones (quivered)
Armour
 f - a scarf of shadows (worn)
 k - a +0 scale mail (worn)
Scrolls
 g - a scroll of vulnerability {unknown}
 h - a scroll of torment {unknown}
 i - a scroll of teleportation {unknown}
 j - a scroll of identify {unknown}
 l - a scroll of immolation {unknown}
 m - a scroll of fear {unknown}
Potions
 c - a potion of might
 n - a potion of lignification {unknown}


   Skills:
 * Level 4.6 Fighting
 - Level 2.6 Throwing
 * Level 0.5 Armour
 * Level 1.8 Dodging
 - Level 1.0 Spellcasting
 - Level 2.0 Poison Magic


You had 4 spell levels left.
You didn't know any spells.
Your spell library contained the following spells:

 Spells                   Type           Power      Damage    Failure   Level
 Poisonous Vapours        Pois/Air       10%        N/A       69%         2
 Cigotuvi's Dreadful Rot  Necr/Pois/Air  6%         N/A       75%         2
 Mephitic Cloud           Conj/Pois/Air  3%         N/A       93%         3
 Freezing Cloud           Conj/Ice/Air   0%         6-21      100%        5


Dungeon Overview and Level Annotations

Branches:
Dungeon (2/15)

Altars:

Annotations:
D:2 exclusion: gnoll


Innate Abilities, Weirdness & Mutations

You may rarely emit foul miasma when damaged in melee.
You regenerate magic rapidly.


Message History

You see here a +0 dagger.
You see here a +0 robe.
There is a stone staircase leading up here.
You see here a +0 leather armour.
n - a coppery potion A gnoll comes into view.
It is wielding a +0 flail.
The gnoll shouts!
The gnoll throws a stone.
The stone closely misses you.
You start waiting.
A gnoll is nearby!
You barely miss the gnoll. The gnoll hits you but does no damage.
The gnoll barely misses you.
You thump the gnoll! You burn the gnoll.
The gnoll is almost dead.
The gnoll barely misses you.
You closely miss the gnoll.
The gnoll is almost dead.
The gnoll barely misses you. The gnoll hits you but does no damage.
The gnoll shouts!
You puncture the gnoll! You burn the gnoll.
You kill the gnoll!
You hear a shout! x2
The gnoll closely misses you.
The gnoll shouts!
The gnoll hits you with a +0 spear. The gnoll hits you with a +0 halberd.
Things that are here:
a +0 flail; 3 stones You completely miss the gnoll.
The gnoll barely misses you.
The gnoll hits you but does no damage. x2
The gnoll hits you with a +0 halberd. The gnoll completely misses you.
The gnoll hits you but does no damage.
You closely miss the gnoll. The gnoll hits you with a +0 spear.
The gnoll hits you but does no damage.
The gnoll hits you from afar with a +0 spear.
You barely miss the gnoll. The gnoll hits you with a +0 spear.
The gnoll hits you with a +0 halberd.
* * * LOW HITPOINT WARNING * * *
The gnoll barely misses you. The gnoll closely misses you.
The gnoll hits you from afar with a +0 spear.
You die...

#.# #..###...#####
#.# #..# #...# #.#
#..# #...#
##.####..###...#####
#...................
#...................
#.##########.#######
#.#### #.# #..@g#
#.# ####g#######.#
#g##......#
#.##.###### #.##.#
#.##.# #.##.# #.##.#
#.##.#


You could see 3 gnolls.

Vanquished Creatures
  A gnoll (D:2)
  3 dart slugs (D:1)
  A bat (D:1)
  4 endoplasms
  2 giant cockroaches (D:1)
  4 goblins
  5 hobgoblins
  2 jackals (D:1)
  2 frilled lizards
  3 kobolds
  3 rats
30 creatures vanquished.

Notes
Turn   | Place    | Note
-------+----------+-------------------------------------------
     0 | D:1      | Chiseanne the Demonspawn Wanderer began the quest for the
                  | Orb.
     0 | D:1      | Chiseanne set off with the following items: a +3 dagger, 3
                  | curare-tipped darts, a potion of might, a +0 robe; and the
                  | following spells available to memorise: Poisonous Vapours,
                  | Cigotuvi's Dreadful Rot.
     0 | D:1      | Reached XP level 1. HP: 19/19 MP: 2/2
    19 | D:1      | Noticed a minotaur skeleton
   111 | D:1      | Reached skill level 1 in Dodging
   111 | D:1      | Gained mutation: You regenerate magic rapidly. [demonic
                  | ancestry]
   111 | D:1      | Reached XP level 2. HP: 24/25 MP: 3/3
  1051 | D:2      | Identified the +8 morningstar "Afogadele" {flame, rC-
                  | Int+4}
  1064 | D:2      | Gained mutation: You may rarely emit foul miasma when
                  | damaged in melee. [demonic ancestry]
  1064 | D:2      | Reached XP level 3. HP: 31/31 MP: 4/4
  1599 | D:2      | Slain by a gnoll

Illustrated notes

Levels and vault maps discovered:
D:1:      shiori_arrival_whats_in_store_for_you, layout_loops_ring
D:2:      layout_loops_ring

Skill      XL: |  1 |
---------------+----+-----
Dodging        | 1 |  1.8
Fighting       | |  4.6
Throwing       | |  2.6
Armour         | |  0.5
Spellcasting   | |  1.0
Poison Magic   | |  2.0

Action                     || total
---------------------------++-------
  Melee: Dagger            ||    81
         Punch             ||     2
         Morningstar       ||    22
  Throw: Stone             ||     1
 Armour: Robe              ||    16
         Scale mail        ||    11
  Dodge: Dodged            ||    62
